 Dungeon Crawl Stone Soup version 0.26-a0-597-gb535b0901c (webtiles) character file.

Game seed: 3810697183463780871

35 MrRokkomies the Vexing (level 3, -8/14 HPs)
             Began as a Felid Enchanter on Aug 27, 2020.
             Killed by nerve-wracking pain
             ... invoked by Jessica
              (14 damage)
             ... on level 2 of the Dungeon.
             The game lasted 00:02:03 (1535 turns).

MrRokkomies the Vexing (Felid Enchanter)            Turns: 1535, Time: 00:02:05

Health: -8/14      AC:  1    Str:  4    XL:     3   Next: 16%
Magic:  3/7        EV: 18    Int: 17    God:
Gold:   90         SH:  0    Dex: 16    Spells: 0/6 levels left
                                        Lives:  0   Deaths: 0

rFire    . . .     SeeInvis +     - Unarmed
rCold    . . .     Faith    .   (shield unavailable)
rNeg     . . .     Spirit   .   (armour unavailable)
rPois    .         Reflect  .   (helmet unavailable)
rElec    .         Harm     .   (cloak unavailable)
rCorr    .                      (gloves unavailable)
MR       .....                  (boots unavailable)
Stlth    +++.......             (no amulet)
HPRegen  0.04/turn              (no ring)
MPRegen  0.10/turn              (no ring)

@: quick
A: very small, no armour, no weapons or thrown items, stealth, claws 1, fangs 3,
see invisible, speed 1, shaggy fur 1, sharp paws
a: no special abilities


You were on level 2 of the Dungeon.
You visited 1 branch of the dungeon, and saw 2 of its levels.

You collected 90 gold pieces.

Inventory:

Scrolls
 a - a scroll of identify
 d - 2 scrolls of immolation
Potions
 b - 2 potions of brilliance
 c - a potion of haste {unknown}
 e - a potion of might


   Skills:
 + Level 3.1 Dodging
 + Level 4.4 Stealth
 * Level 1.9 Unarmed Combat
 - Level 2.0 Spellcasting
 * Level 5.1 Hexes


You couldn't memorise any spells.
You knew the following spells:

 Your Spells              Type           Power        Failure   Level
a - Corona                Hex            ###....      2%          1
b - Ensorcelled Hibernat  Hex/Ice        ##....       11%         2
c - Confusing Touch       Hex            ###.....     7%          3

Your spell library contained the following spells:

 Spells                   Type           Power        Failure   Level
 Tukima's Dance           Hex            ###.....     7%          3
 Dazzling Flash           Conj/Hex       ##....       21%         3


Dungeon Overview and Level Annotations

Branches:
Dungeon (2/15)

Altars:
Cheibriados
Hepliaklqana

Annotations:
D:2 Jessica


Innate Abilities, Weirdness & Mutations

You cannot wear armour.
You are incapable of wielding weapons or throwing items.
Your paws allow you to move quietly. (Stealth)
You have sharp claws.
You have razor-sharp teeth.
You have supernaturally acute eyesight. (SInv)
You cover ground quickly.
You are covered in fur. (AC +1)
Your sharp claws are effective at attacking unaware monsters.


Message History

A jackal is nearby!
Casting: Ensorcelled Hibernation (safe; 11% risk of failure)
Confirm with . or Enter, or press ? or * to list all spells.
Aiming: Ensorcelled Hibernation (safe; 11% risk of failure)
Press: ? - help, Shift-Dir - straight line, f - jackal
Aim: a jackal (chance to defeat MR: 59%)
The jackal looks drowsy...
The helpless jackal fails to defend itself.
You mangle the jackal!!
You kill the jackal!
Casting: Ensorcelled Hibernation (safe; 11% risk of failure)
Confirm with . or Enter, or press ? or * to list all spells.
Aiming: Ensorcelled Hibernation (safe; 11% risk of failure)
Press: ? - help, Shift-Dir - straight line, f - Jessica
Aim: Jessica, wearing a +0 robe (chance to defeat MR: 50%) Jessica resists with some effort.
Jessica gestures at you while chanting. Pain shoots through your body!
Ouch! That really hurt!
You die...

#.# #..# #.# #.#
#.# .> #.# #.#
#. ##'#### #.#
#.# #.....# #.#
.. #.....# #.#
#.##.....# #.#
#..#.....# #.#
#####.#..@@.#
#.#
#......#.####
#.# #......#.#
#.#
#.......h#######
#(#
####.##.@......#
#.# ...
#........# #.#
.≈≈. #..g.....#
#_# ≈.≈≈≈
..>......+ #.#
≈≈≈.≈
≈.....h...# #..


You could see Jessica.

Vanquished Creatures
  A worm (D:2)
  A dart slug (D:2)
  A leopard gecko (D:1)
  A giant cockroach (D:1)
  2 goblins
  6 hobgoblins
  A jackal (D:2)
  4 kobolds (D:1)
  6 bats
  3 frilled lizards (D:1)
  2 rats (D:1)
28 creatures vanquished.

Vanquished Creatures (others)
  10 plants (D:2)
10 creatures vanquished.

Grand Total: 38 creatures vanquished

Notes
Turn   | Place    | Note
-------+----------+-------------------------------------------
     0 | D:1      | MrRokkomies the Felid Enchanter began the quest for the
                  | Orb.
     0 | D:1      | Reached XP level 1. HP: 7/7 MP: 4/4
   222 | D:1      | Reached XP level 2. HP: 6/11 MP: 6/6
   386 | D:1      | Learned a level 2 spell: Ensorcelled Hibernation
   851 | D:1      | Reached skill level 5 in Hexes
  1168 | D:2      | Reached XP level 3. HP: 14/14 MP: 2/7
  1216 | D:2      | Learned a level 3 spell: Confusing Touch
  1259 | D:2      | Found a snail-covered altar of Cheibriados.
  1320 | D:2      | Found a hazy altar of Hepliaklqana.
  1523 | D:2      | Noticed Jessica
  1535 | D:2      | Killed from afar by Jessica

Illustrated notes

Levels and vault maps discovered:
D:1:      nicolae_arrival_washed_ashore, layout_basic, serial_forest,
          infiniplex_forest_end_1, infiniplex_forest_lined_room_2,
          infiniplex_forest_lined_3, infiniplex_forest_clump_small,
          infiniplex_forest_lined_1
D:2:      layout_basic, led_sif_pool, kennysheep_slug_shrine,
          nicolae_qazlal_style_of_elements, overflow_temple_1_default,
          nicolae_overflow_crystal_walls, chequers_big_river, uniq_jessica

Skill      XL: |  1  2 |
---------------+-------+-----
Dodging        | 3 |  3.1
Hexes          | 5 |  5.1
Stealth        | |  4.4
Unarmed Combat | |  1.9
Spellcasting   | |  2.0

Action                   || total
-------------------------++-------
Melee: Unarmed           ||    75
       Bite              ||     7
 Cast: Ensorcelled Hiber ||     5
  Use: Scroll            ||     4
 Stab: Sleeping          ||    16
Armor: Skin              ||     1
Dodge: Dodged            ||    49

Table legend: (Time is in decaauts)
 A = Elapsed time spent in this place.
 B = Non-inter-level travel time spent in this place.
 C = Inter-level travel time spent in this place.
 D = Time resting spent in this place.
 E = Time spent auto-exploring this place.
 F = Levels seen in this place.
 G = Mean time per level.
                   A        B        C        D        E       F      G
               +--------+--------+--------+--------+--------+-----+--------+
         Total |   1357 |   1336 |     21 |     45 |   1072 |   2 |  678.5 |
       Dungeon |   1357 |   1336 |     21 |     45 |   1072 |   2 |  678.5 |
               +--------+--------+--------+--------+--------+-----+--------+

Top non-repeatable levels by time:
     D:1: 1000 daAuts
     D:2: 357 daAuts
